 Dungeon Crawl Stone Soup version 0.24-a0-218-ga595e75 (webtiles) character file.

Game seed: 11399937963317876692

53 VLARC the Slasher (level 3, 0/20 HPs)
             Began as a Vine Stalker Monk on Mar 30, 2019.
             Was a Believer of the Shining One.
             Succumbed to an adder's poison
             ... on level 3 of the Dungeon.
             The game lasted 00:02:23 (1627 turns).

VLARC the Slasher (Vine Stalker Monk)               Turns: 1627, Time: 00:02:25

Health: 0/20       AC:  3    Str: 14    XL:     3   Next: 87%
Magic:  2/5        EV: 12    Int: 10    God:    the Shining One [**....]
Gold:   137        SH:  0    Dex: 16    Spells: 3/3 levels left

rFire    . . .     SeeInvis .   a - +0 falchion
rCold    . . .     Gourm    .   (no shield)
rNeg     + . .     Faith    .   e - +0 leather armour
rPois    .         Spirit   +   (no helmet)
rElec    .         Reflect  .   (no cloak)
rCorr    .         Harm     .   (no gloves)
MR       .....     Rnd*Tele +   (no boots)
Stlth    +.........             (no amulet)
HPRegen  0.06/turn              h - ring of teleportation (curse)
MPRegen  0.09/turn              (no ring)

@: lethally poisoned (0 -> -13), berserk cooldown, slowed, glowing, very slow
A: fangs 2, magic shield, antimagic bite, no potion heal 3, rot immunity
a: Divine Shield, Renounce Religion


You were on level 3 of the Dungeon.
You worshipped the Shining One.
The Shining One was pleased with you.
You were very hungry.

You visited 1 branch of the dungeon, and saw 3 of its levels.

You collected 137 gold pieces.

Inventory:

Hand Weapons
 a - a +0 falchion (weapon)
Armour
 b - a +0 robe
 e - a +0 leather armour (worn)
Jewellery
 h - a cursed ring of teleportation (left hand)
Potions
 g - a potion of flight
Comestibles
 c - 4 rations


   Skills:
 + Level 3.1 Fighting
 * Level 3.5 Long Blades
 - Level 2.4 Dodging
 - Level 2.4 Stealth
 - Level 0.6 Spellcasting
 + Level 1.0 Invocations


You had 3 spell levels left.
You didn't know any spells.
Your spell library was empty.

Dungeon Overview and Level Annotations

Branches:
Dungeon (3/15)

Altars:
The Shining One


Innate Abilities, Weirdness & Mutations

You have extremely sharp teeth.
When hurt, damage is shared between your health and your magic reserves.
Your bite disrupts and absorbs the magic of your enemies.
Potions cannot restore your health.
You are immune to rotting.


Message History

Your surroundings suddenly seem different.
An adder comes into view.
Found an amethyst potion.
Found a stone staircase leading down.
* * * LOW HITPOINT WARNING * * *
You feel sick. The adder closely misses you. The adder barely misses you.
You riposte.
You slash the adder!
The adder is severely wounded.
An adder is nearby!
You hit the adder but do no damage. Your bite misses the adder.
The adder is severely wounded.
The adder bites you.
You are lethally poisoned!
The adder poisons you! The adder bites you.
You are more poisoned.
The adder poisons you!
* * * LOW HITPOINT WARNING * * *
You feel sick. The adder barely misses you.
* * * LOW HITPOINT WARNING * * *
You feel sick. The adder bites you but does no damage.
You die...

... ...### .
.... # #.
#..####.####
#..##..........#
#.........# .#
#.###..S#.#..#.#
..!.....#.......
.....#..@....#
#..#..#...#...>#
.. #......#..###
# ##....## .#
#....# .# ##..##
#..# ###


You could see an adder.

Vanquished Creatures
  2 adders
  3 dart slugs
  A leopard gecko (D:1)
  2 bats
  2 giant cockroaches (D:1)
  3 hobgoblins (D:1)
  3 kobolds
  A frilled lizard (D:1)
  5 goblins
  A leopard gecko skeleton (D:2)
  6 rats (D:1)
29 creatures vanquished.

Notes
Turn   | Place    | Note
-------+----------+-------------------------------------------
     0 | D:1      | VLARC the Vine Stalker Monk began the quest for the Orb.
     0 | D:1      | Reached XP level 1. HP: 11/11 MP: 2/2
   114 | D:1      | Reached XP level 2. HP: 12/16 MP: 3/3
   311 | D:1      | Found a glowing golden altar of the Shining One.
   475 | D:1      | Became a worshipper of the Shining One
   475 | D:1      | Reached * piety under the Shining One
   475 | D:1      | Reached ** piety under the Shining One
  1217 | D:1      | Reached XP level 3. HP: 20/20 MP: 5/5
  1609 | D:3      | Reached skill level 1 in Invocations
  1625 | D:3      | HP: 1/20 [poisoned by an adder]
  1627 | D:3      | Succumbed to an adder's poison

Levels and vault maps discovered:
D:1:      nagdon_arrival_zigzag_paths, layout_basic,
          corexii_item_surrounded_by_moat, tso_altar
D:2:      layout_basic, first_ration, minmay_misc_feat_diagonals,
          minmay_misc_feat_room
D:3:      layout_loops_cross, chequers_ecumenical_altar_simple,
          minmay_misc_feat_x, dk_vineyard_2

Skill      XL: |  1  2  3 |
---------------+----------+-----
Long Blades    | 3 |  3.5
Fighting       | 3 |  3.1
Invocations    | 1 |  1.0
Dodging        | |  2.4
Stealth        | |  2.4
Spellcasting   | |  0.6

Action                   || total
-------------------------++-------
Melee: Falchion          ||    51
       Bite              ||    13
  Use: Scroll            ||     3
       Potion            ||     1
 Stab: Sleeping          ||     1
  Eat: Chunk             ||     1
Armor: Robe              ||     8
       Leather armour    ||     2
Dodge: Dodged            ||    34
       Rpst.: Falchion   ||    13

Table legend:
 A = Non-vault XP
 B = Vault XP
 C = Vault XP percentage of total XP
 D = Non-vault monster count
 E = Vault monster count
 F = Vault count percentage of total count
                 A         B        C        D         E       F
            +---------+---------+-------+---------+---------+-------
      Total |      76 |       0 |   0.0 |      29 |       0 |   0.0
            +---------+---------+-------+---------+---------+-------
        D:1 |      37 |       0 |   0.0 |      21 |       0 |   0.0
        D:2 |      25 |       0 |   0.0 |       6 |       0 |   0.0
        D:3 |      14 |       0 |   0.0 |       2 |       0 |   0.0
            +---------+---------+-------+---------+---------+-------
